 Dungeon Crawl Stone Soup version 0.29-a0-392-g297d3b089c (webtiles) character file.

Game seed: 17400459614613484285

6126 spaghetti the Protected (level 10, -8/82 HPs)
             Began as a Gnoll Wanderer on May 8, 2022.
             Mangled by a komodo dragon (9 damage)
             ... on level 9 of the Dungeon.
             The game lasted 00:19:39 (10765 turns).

spaghetti the Protected (Gnoll Wanderer)           Turns: 10765, Time: 00:19:39

Health: -8/82      AC: 13    Str:  9    XL:     10   Next: 89%
Magic:  0/18       EV: 14    Int: 15    God:
Gold:   35         SH:  0    Dex: 15    Spells: 20/20 levels left

rFire   . . .      SeeInvis .   b - +4 quarterstaff (chaos) {staff}
rCold   . . .      Faith    .   (shield currently unavailable)
rNeg    . . .      Spirit   +   d - +2 scale mail
rPois   .          Reflect  .   F - +0 helmet
rElec   .          Harm     .   w - +0 cloak
rCorr   .          Rampage  .   (no gloves)
Will    .....                   (no boots)
Stlth   ++........              E - amulet of guardian spirit
HPRegen 0.23/turn               D - +4 ring of evasion
MPRegen 0.16/turn               (no ring)

@: no status effects
A: fangs 1, strong nose, distributed training
a: no special abilities


You were on level 9 of the Dungeon.
You visited 1 branch of the dungeon, and saw 9 of its levels.
You also visited: Sewer.

You collected 555 gold pieces.
You spent 520 gold pieces at shops.


Innate Abilities, Weirdness & Mutations

You have very sharp teeth.
Your uncanny sense of smell can sniff out nearby items.
Your experience applies equally to all skills.


   Skills:
 + Level 8.8 Fighting
 + Level 5.7 Short Blades
 + Level 5.7 Long Blades
 + Level 5.7 Axes
 + Level 5.7 Maces & Flails
 + Level 5.7 Polearms
 + Level 5.7 Staves
 + Level 5.7 Slings
 + Level 5.7 Bows
 + Level 5.7 Crossbows
 + Level 6.3 Throwing
 + Level 10.3 Armour
 + Level 5.7 Dodging
 + Level 5.7 Stealth
 + Level 5.7 Shields
 + Level 7.4 Unarmed Combat
 + Level 5.7 Spellcasting
 + Level 4.7 Conjurations
 + Level 4.7 Hexes
 + Level 4.7 Summonings
 + Level 4.7 Necromancy
 + Level 4.7 Translocations
 + Level 4.7 Transmutations
 + Level 4.7 Fire Magic
 + Level 4.7 Ice Magic
 + Level 4.7 Air Magic
 + Level 4.7 Earth Magic
 + Level 4.7 Poison Magic
 + Level 6.2 Invocations
 + Level 5.7 Evocations


You had 20 spell levels left.
You didn't know any spells.
Your spell library contained the following spells:

 Spells                   Type           Power      Damage    Failure   Level
 Apportation              Tloc           36%        N/A       12%         1
 Ensorcelled Hibernation  Hex/Ice        36%        N/A       17%         2
 Passwall                 Tmut/Erth      15%        N/A       17%         2
 Static Discharge         Conj/Air       18%        N/A       17%         2
 Ozocubu's Armour         Ice            18%        N/A       34%         3
 Portal Projectile        Hex/Tloc       36%        N/A       34%         3
 Swiftness                Air            18%        N/A       34%         3
 Alistair's Intoxication  Tmut/Pois      12%        N/A       97%         5
 Blade Hands              Tmut           9%         N/A       97%         5
 Excruciating Wounds      Necr           9%         N/A       97%         5
 Fireball                 Conj/Fire      9%         3d6       97%         5
 Lightning Bolt           Conj/Air       9%         1d21      97%         5
 Metabolic Englaciation   Hex/Ice        9%         N/A       97%         5
 Simulacrum               Ice/Necr       9%         N/A       100%        6
 Starburst                Conj/Fire      9%         6d5       100%        6
 Ozocubu's Refrigeration  Ice            9%         4d6       100%        7
 Ignition                 Fire           9%         3d5       100%        8
 Maxwell's Capacitive Co  Air            9%         ∞         100%        8

Inventory:

Hand Weapons
 a - a +1 shortbow of flaming {bow}
   (You took it off a centaur on level 6 of the Dungeon)
 b - a +4 quarterstaff of chaos (weapon) {staff}
   (You took it off Crazy Yiuf on level 3 of the Dungeon)
 c - a +4 short sword of holy wrath {short}
   (You took it off Duvessa on level 5 of the Dungeon)
 K - a +5 spear of freezing {polearm}
   (You took it off a wight on level 8 of the Dungeon)
Missiles
 f - 28 poisoned darts {throwing}
 h - 5 atropa-tipped darts {throwing}
 i - 2 javelins {throwing}
 j - 214 stones {throwing}
 t - 10 boomerangs (quivered) {throwing}
Armour
 d - a +2 scale mail (worn)
 m - a +0 plate armour
   (You found it on level 1 of the Dungeon)
 w - a +0 cloak (worn)
   (You took it off Crazy Yiuf on level 3 of the Dungeon)
 C - +0 acid dragon scales
   (You found it on level 6 of the Dungeon)
 F - a +0 helmet (worn)
   (You found it on level 6 of the Dungeon)
Magical Staves
 r - a staff of cold {!astaff}
   (You found it on level 2 of the Dungeon)
 I - a staff of fire {!astaff}
   (You found it on level 7 of the Dungeon)
Jewellery
 x - a ring of positive energy
   (You found it on level 4 of the Dungeon)
 D - a +4 ring of evasion (left hand)
   (You found it on level 6 of the Dungeon)
 E - an amulet of guardian spirit (around neck)
   (You found it on level 6 of the Dungeon)
 H - a ring of flight
   (You found it on level 7 of the Dungeon)
Wands
 o - a wand of acid (6)
   (You found it on level 9 of the Dungeon)
 s - a wand of polymorph (3)
   (You took it off a vampire on level 7 of the Dungeon)
 y - a wand of paralysis (13)
   (You found it on level 4 of the Dungeon)
 A - a wand of flame (29)
   (You found it on level 4 of the Dungeon)
Scrolls
 k - 2 scrolls of magic mapping {!r}
 p - 4 scrolls of immolation {!r!r}
 v - 9 scrolls of teleportation {@r4}
Potions
 e - 3 potions of attraction {!q}
 g - 2 potions of magic
 l - a potion of cancellation {unknown}
 n - 2 potions of lignification {!q}
 z - 5 potions of brilliance
 B - a potion of flight
 G - a potion of mutation {unknown}
Miscellaneous
 u - a phantom mirror (inert)
   (You bought it in a shop on level 9 of the Dungeon)

Dungeon Overview and Level Annotations

Branches:
Dungeon (9/15)             Temple (0/1) D:7           Sewer (visited)
   Lair: D:8-11         Orc: D:9-12

Altars:
Cheibriados
Dithmenos
Gozag
Hepliaklqana
Kikubaaqudgha
Nemelex Xobeh
Trog
Uskayaw
Wu Jian
Xom
Yredelemnul
Zin
The Shining One

Shops:
D:9 *

Annotations:
D:6 1 runed translucent door, Phlounder's ghost, novice DjWn
D:9 3 runed translucent doors

...P.PPPPP####....∩...#..#
#....PPPP#.#..##...#.#.#
#....PPP#...####.##...#
#....PPP#....###.#....###
#....P##......#....#.... .
#...###....#.....###..#
.....#.#......##....##
#..# ....$....l...###....#
#..# ........†.@..# ...#.#
##.# .............# ..# ..
#.# #..............# #.#
..............## #..
.............## ##..
............. #...
.............. ......
####......... .......
......##


You could see a komodo dragon.


Message History

The wyvern closely misses you.
The wyvern bites you but does no damage. 😕 HP[-10] MP[-3]
You take 10 damage, and now have 65/82 hp.
You lost 3 mp, and now have 13/18 mp.
Unknown command.
Aiming: Phantom Mirror
Press: ? - help, Dir - move target, f/p - wyvern
Aim: a wyvern (severely wounded, berserk)
You reflect the wyvern with the mirror!
The mirror clouds!
Your wyvern bites the wyvern!
The wyvern closely misses your wyvern.
Your wyvern bites the wyvern.
The wyvern dies! 😕 HP[+1] Unknown command.
What are your orders? t - Bark!
Orders for allies: a - Attack new target. r - Retreat! s - Stop attacking. g - Guard the area. f - Follow me.
Anything else - Cancel.
Gang up on whom?
Press: ? - help, Dir - move target, f - komodo dragon
Aim: a komodo dragon Attack!
You hear an angry hiss.
You hear an angry hiss.
The komodo dragon bites you!! 😮 HP[-15] MP[-3]
You take 15 damage, and now have 51/82 hp.
You lost 3 mp, and now have 10/18 mp.
You hit the komodo dragon but do no damage.
You bite the komodo dragon, but do no damage.
The komodo dragon bites you.
Your wyvern rages. 😮 HP[-1]
You take 1 damage, and now have 50/82 hp.
You sock the komodo dragon! The komodo dragon bites you!!
* * * LOW HITPOINT WARNING * * *
Your wyvern rages. 😨 HP[-21] MP[-5]
You take 21 damage, and now have 29/82 hp.
MASSIVE DAMAGE!! (PAUSE)
You lost 5 mp, and now have 5/18 mp.
You swap places.
The komodo dragon attacks as you move away!
The komodo dragon bites you!!
* * * LOW HITPOINT WARNING * * *
Your wyvern bites the komodo dragon!
Your wyvern bites the komodo dragon.
The komodo dragon misses your wyvern. 😱 HP[-23] MP[-4]
You take 23 damage, and now have 6/82 hp.
MASSIVE DAMAGE!! (PAUSE)
You lost 4 mp, and now have 1/18 mp.
Your wyvern bites the komodo dragon.
Your wyvern bites the komodo dragon but does no damage.
The komodo dragon bites your wyvern!
Your wyvern dies!
Your wyvern's corpse shimmers and vanishes!
There is a stone staircase leading down here.
Throw: 3 boomerangs (disperse) {=f!fthrowing}
Press: ? - help, Shift-Dir - straight line, f/p - komodo dragon
Aim: a komodo dragon (heavily wounded, 72% to hit)
You throw a boomerang of dispersal {=f!fthrowing}.
The boomerang of dispersal {=f!fthrowing} closely misses the komodo dragon. 😱 HP[+1] MP[+1]
Okay, then.
Throw: 2 boomerangs (disperse) {=f!fthrowing}
Press: ? - help, Shift-Dir - straight line, f/p - komodo dragon
Aim: a komodo dragon (heavily wounded, 72% to hit)
You throw a boomerang of dispersal {=f!fthrowing}.
The boomerang of dispersal {=f!fthrowing} hits the komodo dragon but does no damage.
Throw: boomerang (disperse) {=f!fthrowing}
Press: ? - help, Shift-Dir - straight line, f/p - komodo dragon
Aim: a komodo dragon (heavily wounded, 72% to hit)
You throw a boomerang of dispersal {=f!fthrowing}.
The boomerang of dispersal {=f!fthrowing} closely misses the komodo dragon.
The komodo dragon bites you!
* * * LOW HITPOINT WARNING * * *
😱 HP[-6] MP[-2]
You take 6 damage, and now have 1/82 hp.
You lost 2 mp, and now have 0/18 mp.
Unknown command.
Okay, then.
Okay, then.
Okay, then.
Aiming: Corrosive Bolt
Press: ? - help, Shift-Dir - straight line, f/p - komodo dragon
Aim: a komodo dragon (heavily wounded, 81% to hit)
Okay, then.
Aiming: Paralyse
Press: ? - help, Shift-Dir - straight line, f/p - komodo dragon
Aim: a komodo dragon (heavily wounded, chance to affect: 46%)
Okay, then.
Aiming: Corrosive Bolt
Press: ? - help, Shift-Dir - straight line, f/p - komodo dragon
Aim: a komodo dragon (heavily wounded, 81% to hit)
The bolt of acid hits the komodo dragon!
The komodo dragon bites you!
You die...

Skill      XL: |  1  2  3  4  5  6  7  8  9 10 |
---------------+-------------------------------+-----
Invocations    | 1 2 3 4 5 6 |  6.2
Short Blades   | 1 2 3 4 5 |  5.7
Long Blades    | 1 2 3 4 5 |  5.7
Axes           | 1 2 3 4 5 |  5.7
Maces & Flails | 1 2 3 4 5 |  5.7
Polearms       | 1 2 3 4 5 |  5.7
Staves         | 1 2 3 4 5 |  5.7
Slings         | 1 2 3 4 5 |  5.7
Bows           | 1 2 3 4 5 |  5.7
Crossbows      | 1 2 3 4 5 |  5.7
Dodging        | 1 2 3 4 5 |  5.7
Stealth        | 1 2 3 4 5 |  5.7
Shields        | 1 2 3 4 5 |  5.7
Spellcasting   | 1 2 3 4 5 |  5.7
Evocations     | 1 2 3 4 5 |  5.7
Conjurations   | 1 2 3 4 |  4.7
Hexes          | 1 2 3 4 |  4.7
Summonings     | 1 2 3 4 |  4.7
Necromancy     | 1 2 3 4 |  4.7
Translocations | 1 2 3 4 |  4.7
Transmutations | 1 2 3 4 |  4.7
Fire Magic     | 1 2 3 4 |  4.7
Ice Magic      | 1 2 3 4 |  4.7
Air Magic      | 1 2 3 4 |  4.7
Earth Magic    | 1 2 3 4 |  4.7
Poison Magic   | 1 2 3 4 |  4.7
Throwing       | 3 4 5 6 |  6.3
Unarmed Combat | 5 6 7 |  7.4
Fighting       | 7 8 |  8.8
Armour         | 9 10 | 10.3

Action                   |  1- 3 |  4- 6 |  7- 9 | 10-12 || total
-------------------------+-------+-------+-------+-------++-------
Melee: Mace              |   104 |    88 |       |       ||   192
       Dagger            |     2 |       |       |       ||     2
       Punch             |     4 |     2 |       |     1 ||     7
       Bite              |     8 |    22 |    14 |    36 ||    80
       Quarterstaff      |       |    55 |   162 |   242 ||   459
       Short sword       |       |       |     4 |     2 ||     6
       Unarmed           |       |       |       |    16 ||    16
 Fire: Shortbow          |       |       |    32 |       ||    32
Throw: Dart              |     4 |     7 |    30 |    12 ||    53
       Boomerang         |       |       |       |    30 ||    30
Evoke: Wand              |       |       |     3 |     7 ||    10
       Phantom mirror    |       |       |       |     1 ||     1
  Use: Scroll            |       |    11 |     2 |     3 ||    16
       Potion            |       |     1 |     3 |     8 ||    12
 Stab: Sleeping          |       |       |     1 |     1 ||     2
       Paralysed         |       |       |       |     8 ||     8
       Confused          |       |       |       |     1 ||     1
Armor: Scale mail        |    81 |    88 |   108 |   113 ||   390
       Skin              |       |       |    14 |    11 ||    25
Dodge: Dodged            |    43 |    44 |   112 |   235 ||   434

Levels and vault maps discovered:
D:1:      psy_arrival_conway, layout_basic
D:2:      layout_basic
D:3:      layout_loops_ring, nicolae_dithmenos_shadow_blocks, uniq_terence,
          uniq_crazy_yiuf_cottage
D:4:      layout_loops_ring, mainiacjoe_overflow_cross_hatched,
          hangedman_abyss_or_decor_lesser_grid, minmay_misc_feat_cross
D:5:      layout_rooms, nicolae_uskayaw_suspiria, portal_sewer_entry_f,
          uniq_duvessa
D:6:      layout_basic, nemelex_dance_club_becter, mainiacjoe_overflow_catwalk,
          mainiacjoe_overflow_alcove_4, lemuel_zombie_altar_kikubaaqudgha,
          mainiacjoe_overflow_24_doors, hellmonk_ghost_happy_afterlife,
          chequers_serial_rivers_micro_a
D:7:      layout_loops_ring, nicolae_overflow_crystal_walls,
          gammafunk_temple_overflow_pools, minmay_temple_entry_overgrown,
          minmay_misc_feat_tower, minmay_shattered_shrine
D:8:      layout_basic, lemuel_crystal_altar, mainiacjoe_overflow_boulevard
D:9:      layout_layer_cave, david_lair_shrubbed, david_orc_4,
          gammafunk_ghost_icy, enter_bailey_2, nicolae_shop_gadgets, uniq_joseph

Notes
Turn   | Place    | Note
-------+----------+-------------------------------------------
     0 | D:1      | spaghetti the Gnoll Wanderer began the quest for the Orb.
     0 | D:1      | spaghetti set off with the following items: a +0 dagger
                  | {short}, a scroll of teleportation {@r4}, 11 poisoned darts
                  | {throwing}, a +2 scale mail, a potion of attraction {!q}
     0 | D:1      | Reached XP level 1. HP: 23/23 MP: 1/1
     0 | D:1      | magus.rc [v1.9.6]
   128 | D:1      | Reached XP level 2. HP: 29/29 MP: 2/2
   211 | D:1      | You pick up a book of Lightning and begin reading...
   211 | D:1      | You add the spells Static Discharge, Lightning Bolt and
                  | Maxwell's Capacitive Coupling to your library.
   800 | D:2      | Reached XP level 3. HP: 35/35 MP: 3/3
  1095 | D:2      | Reached skill level 1 in Invocations
  1500 | D:2      | Reached skill level 1 in Short Blades
  1500 | D:2      | Reached skill level 1 in Long Blades
  1500 | D:2      | Reached skill level 1 in Axes
  1500 | D:2      | Reached skill level 1 in Maces & Flails
  1500 | D:2      | Reached skill level 1 in Polearms
  1500 | D:2      | Reached skill level 1 in Staves
  1500 | D:2      | Reached skill level 1 in Slings
  1500 | D:2      | Reached skill level 1 in Bows
  1500 | D:2      | Reached skill level 1 in Crossbows
  1500 | D:2      | Reached skill level 1 in Dodging
  1500 | D:2      | Reached skill level 1 in Stealth
  1500 | D:2      | Reached skill level 1 in Shields
  1500 | D:2      | Reached skill level 1 in Spellcasting
  1500 | D:2      | Reached skill level 1 in Evocations
  1533 | D:2      | Reached XP level 4. HP: 34/41 MP: 5/5
  2000 | D:3      | Found a shadowy altar of Dithmenos.
  2091 | D:3      | You pick up a book of Lightning and begin reading...
  2249 | D:3      | Noticed Terence
  2277 | D:3      | Killed Terence
  2278 | D:3      | Reached skill level 1 in Conjurations
  2278 | D:3      | Reached skill level 1 in Hexes
  2278 | D:3      | Reached skill level 1 in Summonings
  2278 | D:3      | Reached skill level 1 in Necromancy
  2278 | D:3      | Reached skill level 1 in Translocations
  2278 | D:3      | Reached skill level 1 in Transmutations
  2278 | D:3      | Reached skill level 1 in Fire Magic
  2278 | D:3      | Reached skill level 1 in Ice Magic
  2278 | D:3      | Reached skill level 1 in Air Magic
  2278 | D:3      | Reached skill level 1 in Earth Magic
  2278 | D:3      | Reached skill level 1 in Poison Magic
  2400 | D:3      | You pick up a book of Weapons and begin reading...
  2400 | D:3      | You add the spells Portal Projectile, Excruciating Wounds
                  | and Blade Hands to your library.
  2669 | D:3      | Reached XP level 5. HP: 33/47 MP: 6/6
  2893 | D:3      | Found a runed translucent door.
  2894 | D:3      | Noticed Crazy Yiuf
  2901 | D:3      | Killed Crazy Yiuf
  3042 | D:4      | Reached skill level 3 in Throwing
  3224 | D:4      | You pick up a book of Burglary and begin reading...
  3224 | D:4      | You add the spells Passwall, Ensorcelled Hibernation and
                  | Swiftness to your library.
  3384 | D:4      | Noticed a black bear
  3389 | D:4      | Killed a black bear
  3390 | D:4      | Reached skill level 2 in Invocations
  3390 | D:4      | Reached XP level 6. HP: 53/53 MP: 8/8
  3504 | D:4      | Found an opulent altar of Gozag.
  3517 | D:4      | Reached skill level 5 in Unarmed Combat
  3621 | D:4      | Reached skill level 2 in Short Blades
  3621 | D:4      | Reached skill level 2 in Long Blades
  3621 | D:4      | Reached skill level 2 in Axes
  3621 | D:4      | Reached skill level 2 in Maces & Flails
  3621 | D:4      | Reached skill level 2 in Polearms
  3621 | D:4      | Reached skill level 2 in Staves
  3621 | D:4      | Reached skill level 2 in Slings
  3621 | D:4      | Reached skill level 2 in Bows
  3621 | D:4      | Reached skill level 2 in Crossbows
  3621 | D:4      | Reached skill level 2 in Dodging
  3621 | D:4      | Reached skill level 2 in Stealth
  3621 | D:4      | Reached skill level 2 in Shields
  3621 | D:4      | Reached skill level 2 in Spellcasting
  3621 | D:4      | Reached skill level 2 in Evocations
  3828 | D:5      | Entered Level 5 of the Dungeon
  3904 | D:5      | Reached XP level 7. HP: 59/59 MP: 10/10
  3964 | D:5      | Reached skill level 7 in Fighting
  3972 | D:5      | Found a glowing drain.
  3994 | D:5      | Reached skill level 2 in Conjurations
  3994 | D:5      | Reached skill level 2 in Hexes
  3994 | D:5      | Reached skill level 2 in Summonings
  3994 | D:5      | Reached skill level 2 in Necromancy
  3994 | D:5      | Reached skill level 2 in Translocations
  3994 | D:5      | Reached skill level 2 in Transmutations
  3994 | D:5      | Reached skill level 2 in Fire Magic
  3994 | D:5      | Reached skill level 2 in Ice Magic
  3994 | D:5      | Reached skill level 2 in Air Magic
  3994 | D:5      | Reached skill level 2 in Earth Magic
  3994 | D:5      | Reached skill level 2 in Poison Magic
  3996 | Sewer    | Entered a sewer
  4084 | Sewer    | Reached skill level 9 in Armour
  4120 | Sewer    | You pick up a book of Fire and begin reading...
  4120 | Sewer    | You add the spells Fireball, Starburst and Ignition to your
                  | library.
  4268 | D:5      | Reached skill level 3 in Invocations
  4332 | D:5      | Reached XP level 8. HP: 54/67 MP: 12/12
  4338 | D:5      | Reached skill level 4 in Throwing
  4495 | D:5      | Noticed Duvessa
  4495 | D:5      | Noticed Dowan
  4504 | D:5      | Killed Dowan
  4505 | D:5      | Reached skill level 3 in Short Blades
  4505 | D:5      | Reached skill level 3 in Long Blades
  4505 | D:5      | Reached skill level 3 in Axes
  4505 | D:5      | Reached skill level 3 in Maces & Flails
  4505 | D:5      | Reached skill level 3 in Polearms
  4505 | D:5      | Reached skill level 3 in Staves
  4505 | D:5      | Reached skill level 3 in Slings
  4505 | D:5      | Reached skill level 3 in Bows
  4505 | D:5      | Reached skill level 3 in Crossbows
  4505 | D:5      | Reached skill level 3 in Dodging
  4505 | D:5      | Reached skill level 3 in Stealth
  4505 | D:5      | Reached skill level 3 in Shields
  4505 | D:5      | Reached skill level 3 in Spellcasting
  4505 | D:5      | Reached skill level 3 in Evocations
  4505 | D:5      | Killed Duvessa
  4694 | D:5      | Found a hide-covered altar of Uskayaw.
  4756 | D:6      | Noticed Phlounder's ghost (novice DjWn)
  4759 | D:6      | Found a runed translucent door.
  5085 | D:6      | Found a shimmering altar of Xom.
  5113 | D:6      | You pick up a book of Winter and begin reading...
  5113 | D:6      | You add the spells Ozocubu's Armour, Metabolic Englaciation
                  | and Simulacrum to your library.
  5141 | D:6      | Found an ancient bone altar of Kikubaaqudgha.
  5164 | D:6      | Reached skill level 4 in Invocations
  5218 | D:6      | Reached skill level 3 in Conjurations
  5218 | D:6      | Reached skill level 3 in Hexes
  5218 | D:6      | Reached skill level 3 in Summonings
  5218 | D:6      | Reached skill level 3 in Necromancy
  5218 | D:6      | Reached skill level 3 in Translocations
  5218 | D:6      | Reached skill level 3 in Transmutations
  5218 | D:6      | Reached skill level 3 in Fire Magic
  5218 | D:6      | Reached skill level 3 in Ice Magic
  5218 | D:6      | Reached skill level 3 in Air Magic
  5218 | D:6      | Reached skill level 3 in Earth Magic
  5218 | D:6      | Reached skill level 3 in Poison Magic
  5250 | D:6      | Reached skill level 6 in Unarmed Combat
  5334 | D:6      | Found a sparkling altar of Nemelex Xobeh.
  5450 | D:6      | Reached XP level 9. HP: 73/73 MP: 14/14
  5590 | D:6      | Reached skill level 4 in Short Blades
  5590 | D:6      | Reached skill level 4 in Long Blades
  5590 | D:6      | Reached skill level 4 in Axes
  5590 | D:6      | Reached skill level 4 in Maces & Flails
  5590 | D:6      | Reached skill level 4 in Polearms
  5590 | D:6      | Reached skill level 4 in Staves
  5590 | D:6      | Reached skill level 4 in Slings
  5590 | D:6      | Reached skill level 4 in Bows
  5590 | D:6      | Reached skill level 4 in Crossbows
  5590 | D:6      | Reached skill level 4 in Dodging
  5590 | D:6      | Reached skill level 4 in Stealth
  5590 | D:6      | Reached skill level 4 in Shields
  5590 | D:6      | Reached skill level 4 in Spellcasting
  5590 | D:6      | Reached skill level 4 in Evocations
  5724 | D:6      | Found a hazy altar of Hepliaklqana.
  5953 | D:6      | Found a glowing golden altar of the Shining One.
  6143 | D:7      | Found a bloodstained altar of Trog.
  6144 | D:7      | Found a glowing silver altar of Zin.
  6414 | D:7      | Reached skill level 5 in Throwing
  6421 | D:7      | Noticed a two-headed ogre
  6434 | D:7      | Killed a two-headed ogre
  6435 | D:7      | Reached skill level 8 in Fighting
  6435 | D:7      | Reached skill level 5 in Invocations
  6465 | D:7      | Noticed a purple ugly thing
  6574 | D:7      | Noticed a cyclops
  6575 | D:7      | Reached XP level 10. HP: 26/80 MP: 7/17
  6582 | D:7      | Killed a cyclops
  6583 | D:7      | Reached skill level 5 in Short Blades
  6583 | D:7      | Reached skill level 5 in Long Blades
  6583 | D:7      | Reached skill level 5 in Axes
  6583 | D:7      | Reached skill level 5 in Maces & Flails
  6583 | D:7      | Reached skill level 5 in Polearms
  6583 | D:7      | Reached skill level 5 in Staves
  6583 | D:7      | Reached skill level 5 in Slings
  6583 | D:7      | Reached skill level 5 in Bows
  6583 | D:7      | Reached skill level 5 in Crossbows
  6583 | D:7      | Reached skill level 5 in Dodging
  6583 | D:7      | Reached skill level 5 in Stealth
  6583 | D:7      | Reached skill level 5 in Shields
  6583 | D:7      | Reached skill level 5 in Spellcasting
  6583 | D:7      | Reached skill level 4 in Conjurations
  6583 | D:7      | Reached skill level 4 in Hexes
  6583 | D:7      | Reached skill level 4 in Summonings
  6583 | D:7      | Reached skill level 4 in Necromancy
  6583 | D:7      | Reached skill level 4 in Translocations
  6583 | D:7      | Reached skill level 4 in Transmutations
  6583 | D:7      | Reached skill level 4 in Fire Magic
  6583 | D:7      | Reached skill level 4 in Ice Magic
  6583 | D:7      | Reached skill level 4 in Air Magic
  6583 | D:7      | Reached skill level 4 in Earth Magic
  6583 | D:7      | Reached skill level 4 in Poison Magic
  6583 | D:7      | Reached skill level 5 in Evocations
  6858 | D:7      | Killed a purple ugly thing
  6859 | D:7      | Reached skill level 10 in Armour
  7027 | D:7      | Found a staircase to the Ecumenical Temple.
  7140 | D:7      | HP: 19/82 [something (2)]
  7152 | D:7      | Reached skill level 7 in Unarmed Combat
  7527 | D:7      | Found a basalt altar of Yredelemnul.
  8326 | D:9      | Reached skill level 6 in Throwing
  8613 | D:8      | You pick up a book of Party Tricks and begin reading...
  8613 | D:8      | You add the spells Apportation and Alistair's Intoxication
                  | to your library.
  8888 | D:8      | Reached skill level 6 in Invocations
  9153 | D:8      | HP: 17/80 [wight/+0 trident (7)]
  9499 | D:8      | Found an ornate altar of the Wu Jian Council.
  9591 | D:8      | Found a snail-covered altar of Cheibriados.
 10696 | D:9      | Noticed a seven-headed hydra
 10710 | D:9      | Found a runed translucent gate.
 10710 | D:9      | Found a runed translucent gate.
 10711 | D:9      | Found a runed translucent gate.
 10712 | D:9      | Found Veizaat's Gadget Gallery.
 10721 | D:9      | Bought a phantom mirror for 520 gold pieces
 10759 | D:9      | HP: 6/82 [komodo dragon (23)]
 10764 | D:9      | HP: 1/82 [komodo dragon (6)]
 10765 | D:9      | Mangled by a komodo dragon

Vanquished Creatures
  A two-headed ogre (D:7)
  An ugly thing (D:7)
  A cyclops (D:7)
  A queen bee (D:9)
  A vampire (D:7)
  A wraith (D:7)
  A wyvern (D:9)
  A vampire mosquito (D:7)
  Duvessa (D:5)
  3 water moccasins
  An acid dragon (D:6)
  A sky beast (D:6)
  An orc warrior (D:9)
  5 black bears
  2 ice beasts
  An ogre (D:6)
  2 centaurs
  2 phantoms
  A kobold brigand (D:8)
  A necrophage (D:6)
  2 scorpions
  13 wights
  Dowan (D:5)
  3 howler monkeys
  5 hounds
  3 jellies
  7 orc priests
  Crazy Yiuf (D:3)
  2 gnoll shamans (D:9)
  Terence (D:3)
  2 iguanas
  4 orc wizards
  10 gnolls
  6 adders
  A shadow imp (D:7)
  2 white imps
  An ufetubus (D:7)
  2 worms
  2 dart slugs
  16 orcs
  4 ball pythons
  11 endoplasms
  6 giant cockroaches
  5 goblins
  7 hobgoblins
  7 kobolds
  3 quokkas (D:5)
  5 bats
  2 frilled lizards
  6 rats
  3 rat zombies (D:6)
172 creatures vanquished.

Vanquished Creatures (collateral kills)
  A wyvern (D:9)
1 creature vanquished.

Vanquished Creatures (others)
  An orc (D:4)
  A fungus (D:3)
  16 plants
18 creatures vanquished.

Grand Total: 191 creatures vanquished

Table legend:
 A = Non-vault XP
 B = Vault XP
 C = Vault XP percentage of total XP
 D = Non-vault monster count
 E = Vault monster count
 F = Vault count percentage of total count
                 A         B        C        D         E       F
            +---------+---------+-------+---------+---------+-------
      Total |    5094 |    3658 |  41.8 |     142 |      33 |  18.9
            +---------+---------+-------+---------+---------+-------
        D:1 |      33 |       0 |   0.0 |      19 |       0 |   0.0
        D:2 |      53 |       0 |   0.0 |      12 |       0 |   0.0
        D:3 |      46 |      78 |  62.9 |      12 |       2 |  14.3
        D:4 |     377 |       0 |   0.0 |      22 |       0 |   0.0
        D:5 |     549 |     231 |  29.6 |       9 |       7 |  43.8
        D:6 |    1151 |     126 |   9.9 |      16 |       5 |  23.8
        D:7 |     252 |    3064 |  92.4 |       7 |      16 |  69.6
        D:8 |    1430 |       0 |   0.0 |      27 |       0 |   0.0
        D:9 |    1203 |       0 |   0.0 |      18 |       0 |   0.0
      Sewer |       0 |     159 | 100.0 |       0 |       3 | 100.0
            +---------+---------+-------+---------+---------+-------

Illustrated notes

Table legend:
 A = Kills in this place as a percentage of kills in entire the game.
 B = Kills by you in this place as a percentage of kills by you in the entire game.
 C = Kills by friends in this place as a percentage of kills by friends in the entire game.
 D = Other kills in this place as a percentage of other kills in the entire game.
 E = Experience gained in this place as a percentage of experience gained in the entire game.
 F = Experience gained in this place divided by the number of levels of this place that you have seen.
                   A       B       C       D       E      F
               +-------+-------+-------+-------+-------+----------------------
         Total | 100.0 | 100.0 | 100.0 | 100.0 | 100.0 | 875.2
       Dungeon |  98.3 |  98.3 | 100.0 | 100.0 |  98.2 | 954.8
         Sewer |   1.7 |   1.7 |   0.0 |   0.0 |   1.8 | 159.0
               +-------+-------+-------+-------+-------+----------------------

Table legend: (Time is in decaauts)
 A = Elapsed time spent in this place.
 B = Non-inter-level travel time spent in this place.
 C = Inter-level travel time spent in this place.
 D = Time resting spent in this place.
 E = Time spent auto-exploring this place.
 F = Levels seen in this place.
 G = Mean time per level.
                   A        B        C        D        E       F      G
               +--------+--------+--------+--------+--------+-----+--------+
         Total |  10884 |  10425 |    459 |   2249 |   6515 |  10 | 1088.4 |
       Dungeon |  10723 |  10264 |    459 |   2191 |   6456 |   9 | 1191.4 |
         Sewer |    161 |    161 |      0 |     58 |     59 |   1 |  161.0 |
               +--------+--------+--------+--------+--------+-----+--------+

Top non-repeatable levels by time:
     D:7: 1856 daAuts
     D:8: 1827 daAuts
     D:6: 1343 daAuts
     D:3: 1236 daAuts
     D:2: 1096 daAuts
     D:9: 995 daAuts
     D:1: 818 daAuts
     D:4: 784 daAuts
     D:5: 765 daAuts
   Sewer: 161 daAuts
